 Dungeon Crawl Stone Soup version 0.30.0-3-ga4e48a9924 (webtiles) character file.

Game seed: 9010294275266750675

7 Irreverend the Vexing (level 1, -1/12 HPs)
             Began as a Deep Elf Hexslinger on May 8, 2023.
             Slain by a kobold
             ... wielding a +0 whip
              (3 damage)
             ... on level 1 of the Dungeon.
             The game lasted 00:01:59 (140 turns).

Irreverend the Vexing (Deep Elf Hexslinger)          Turns: 140, Time: 00:02:00

Health: -1/12      AC:  2    Str:  7    XL:     1   Next: 83%
Magic:  4/5        EV: 12    Int: 17    God:
Gold:   0          SH:  0    Dex: 15    Spells: 2/3 levels left

rFire   . . .        a - +1 sling
rCold   . . .        (no shield)
rNeg    . . .        c - +0 robe
rPois   .            (no helmet)
rElec   .            (no cloak)
rCorr   .            (no gloves)
SInv    .            (no boots)
Will    .....        (no amulet)
Stlth   +            (no ring)
HPRegen 0.22/turn    (no ring)
MPRegen 0.09/turn

%: no passive effects
@: no status effects
A: no striking features
a: no special abilities


You were on level 1 of the Dungeon.
You visited 1 branch of the dungeon, and saw 1 of its levels.

Inventory:

Hand Weapons
 a - a +1 sling (weapon)
Armour
 c - a +0 robe (worn)
Scrolls
 b - a scroll of poison
 d - a scroll of noise {unknown}


   Skills:
 + Level 1.1 Fighting
 + Level 3.0 Ranged Weapons
 - Level 2.4 Dodging
 - Level 1.5 Spellcasting
 + Level 4.2 Hexes


You had 2 spell levels left.
You knew the following spells:

 Your Spells              Type           Power      Damage    Failure   Level
a - Slow                  Hex            60%        N/A       3%          1

Your spell library contained the following spells:

 Spells                   Type           Power      Damage    Failure   Level
 Inner Flame              Hex/Fire       8%         N/A       26%         3
 Portal Projectile        Hex/Tloc       16%        N/A       26%         3
 Cause Fear               Hex            7%         N/A       34%         4


Dungeon Overview and Level Annotations

Branches:
Dungeon (1/15)

Altars:


Message History

The sling bullet hits the dart slug.
The dart slug is heavily wounded.
A kobold comes into view. It is wielding a +0 whip.
Fire: a) +1 sling
Press: ? - help, Shift-Dir - straight line, f/p - kobold
Aim: a kobold, wielding a +0 short sword (slow, 50% to hit)
You shoot a sling bullet. The sling bullet hits the kobold.
You kill the kobold!
Your Ranged Weapons skill increases to level 3!
Fire: a) +1 sling
Press: ? - help, Shift-Dir - straight line, f - kobold
Aim: a kobold, wielding a +0 short sword (heavily wounded, slow, 50% to hit)
You shoot a sling bullet.
The sling bullet hits the kobold but does no damage.
The kobold is heavily wounded.
Fire: a) +1 sling
Press: ? - help, Shift-Dir - straight line, f/p - kobold
Aim: a kobold, wielding a +0 short sword (moderately wounded, slow, 50% to hit)
You shoot a sling bullet.
The sling bullet barely misses the kobold.
The kobold is no longer moving slowly.
Fire: a) +1 sling
Press: ? - help, Shift-Dir - straight line, f/p - kobold
Aim: a kobold, wielding a +0 short sword (moderately wounded, 50% to hit)
You shoot a sling bullet.
The sling bullet barely misses the kobold.
The kobold hits you with a +0 short sword.
* * * LOW HITPOINT WARNING * * *
The kobold misses you.
Fire: a) +1 sling
Press: ? - help, Shift-Dir - straight line, f/p - kobold
Aim: a kobold, wielding a +0 short sword (50% to hit)
You shoot a sling bullet. The sling bullet hits the kobold.
You kill the kobold!
The kobold hits you with a +0 whip.
* * * LOW HITPOINT WARNING * * *
The dart slug closely misses you.
You see here a +0 short sword.
The kobold attacks as you move away! The kobold hits you with a +0 whip.
You die...

#..#~#.........#~#
#..#~~#....)..#~~#
######..#######.#######
.............#...#
.#####........#.#..
...............#...#
$#####..######. . ...
.#####.w#######.#####.
.......@K........ #
......##########.
....#. ###... .... ....
...


You could see a dart slug and a kobold.

Vanquished Creatures
  A bat (D:1)
  A giant cockroach (D:1)
  A hobgoblin (D:1)
  3 kobolds (D:1)
6 creatures vanquished.

Notes
Turn   | Place    | Note
-------+----------+-------------------------------------------
     0 | D:1      | Irreverend the Deep Elf Hexslinger began the quest for the
                  | Orb.
     0 | D:1      | Reached XP level 1. HP: 11/11 MP: 5/5
    87 | D:1      | Reached skill level 1 in Fighting
   140 | D:1      | Slain by a kobold

Illustrated notes

Levels and vault maps discovered:
D:1:      psy_arrival_dodecagon, layout_rooms

Skill      XL: |  1 |
---------------+----+-----
Fighting       | 1 |  1.1
Ranged Weapons | 3 |  3.0
Dodging        | |  2.4
Spellcasting   | |  1.5
Hexes          | |  4.2

Action                     || total
---------------------------++-------
   Fire: Sling             ||    37
   Cast: Slow              ||     7
 Armour: Robe              ||    12
  Dodge: Dodged            ||    18
